[Event "Titled Tuesday Blitz May 24 Late 2022"]
[White "Carrasco Miranda, Andres"]
[Black "Lehtosaari, Mauri"]
[WhiteFideId "3405990"]
[BlackFideId "501999"]
[WhiteElo "2177"]
[BlackElo "2482"]
[Result "1/2-1/2"]
[Round "05"]
[TimeControl "180+1"]
[Date "2022.05.25"]
[WhiteClock "0:01:13"]
[BlackClock "0:00:43"]

1. d4 d5 2. c4 c6 3. Nf3 Nf6 4. e3 Bg4 5. Nc3 e6 6. Qb3 Qb6 7. Nh4 Bh5 8. h3 Be7 9. g4 Ne4 10. Ng2 Bg6 11. Nf4 Nxc3 12. Nxg6 hxg6 13. bxc3 Nd7 14. Bg2 O-O 15. Rb1 Qxb3 16. Rxb3 Rab8 17. cxd5 cxd5 18. Ba3 Bxa3 19. Rxa3 a6 20. Kd2 Nb6 21. Bf1 Rfc8 22. Rb3 Nc4+ 23. Bxc4 Rxc4 24. Rhb1 b5 25. Rb4 Rc6 26. a4 Rbc8 27. axb5 axb5 28. Rxb5 Rxc3 29. R1b2 Rc1 30. Rb8 Rc2+ 31. Rxc2 Rxb8 32. Ke2 g5 33. Kf3 g6 34. Kg3 Kg7 35. h4 gxh4+ 36. Kxh4 Rh8+ 37. Kg3 Kf6 38. Rc7 g5 39. Ra7 Rh1 40. Kg2 Rb1 41. Kg3 Kg6 42. Rc7 Rb2 43. Kf3 Rb6 44. Ra7 f6 45. Ra8 Rb7 46. Ra6 Kf7 47. Ra8 Rc7 48. Rh8 Kg7 49. Re8 Kf7 50. Rh8 Kg7 51. Re8 Kf7 52. Rh8 1/2-1/2


[Site "https://www.chess.com"]

[Event "Titled Tuesday Blitz May 24 Late 2022"]
[White "Clawitter, Craig"]
[Black "Ribeiro, Matheus Mendes Domingues"]
[WhiteFideId "2023105"]
[BlackFideId "324226923"]
[WhiteElo "2213"]
[BlackElo "1919"]
[Result "0-1"]
[Round "05"]
[TimeControl "180+1"]
[Date "2022.05.25"]
[WhiteClock "0:00:56"]
[BlackClock "0:01:21"]

1. e4 c5 2. Nf3 e6 3. d4 cxd4 4. Nxd4 Nf6 5. Nc3 Nc6 6. Ndb5 Bb4 7. a3 Bxc3+ 8. Nxc3 d5 9. exd5 exd5 10. Bd3 O-O 11. O-O d4 12. Ne2 Bg4 13. f3 Bh5 14. Nf4 Bg6 15. Re1 Qd6 16. Bd2 Rfe8 17. b4 a6 18. Rb1 Rxe1+ 19. Qxe1 Re8 20. Qf2 Ne5 21. Bxg6 hxg6 22. Rd1 Nc4 23. Bc1 g5 24. Nd3 Ne3 25. Nc5 Nxd1 26. Nxb7 Nxf2 27. Nxd6 Re1+ 28. Kxf2 Rxc1 0-1


[Site "https://www.chess.com"]

[Event "Titled Tuesday Blitz May 24 Late 2022"]
[White "Csonka, Balazs"]
[Black "Hansen, Eric"]
[WhiteFideId "742910"]
[BlackFideId "2606771"]
[WhiteElo "2404"]
[BlackElo "2568"]
[Result "1-0"]
[Round "05"]
[TimeControl "180+1"]
[Date "2022.05.24"]
[WhiteClock "0:00:02"]
[BlackClock "0:00:02"]

1. d4 Nf6 2. c4 e6 3. Nc3 Bb4 4. Qc2 O-O 5. e4 c5 6. e5 Ne8 7. a3 Ba5 8. dxc5 Nc6 9. Nf3 Bc7 10. Bd3 Nxe5 11. Nxe5 Bxe5 12. Bxh7+ Kh8 13. Bd3 f5 14. b4 Nf6 15. Bb2 b6 16. cxb6 axb6 17. Nb5 Bb8 18. O-O-O Bb7 19. f3 Qe8 20. Kb1 Qh5 21. h3 Bg3 22. Nd4 Rac8 23. Ne2 Bb8 24. g4 Qh4 25. Rdf1 d5 26. c5 bxc5 27. bxc5 Nd7 28. gxf5 e5 29. Rhg1 Nxc5 30. Rg4 Qh6 31. Rfg1 Qe3 32. Nc1 Nxd3 33. Qg2 Nxc1 34. Bxc1 Qd3+ 35. Ka1 1-0


[Site "https://www.chess.com"]

[Event "Titled Tuesday Blitz May 24 Late 2022"]
[White "Curtis, John"]
[Black "Jorquera, Marcelo"]
[WhiteFideId "3200256"]
[BlackFideId "3401197"]
[WhiteElo "2203"]
[BlackElo "2136"]
[Result "1/2-1/2"]
[Round "05"]
[TimeControl "180+1"]
[Date "2022.05.25"]
[WhiteClock "0:00:09"]
[BlackClock "0:00:05"]

1. e4 d5 2. exd5 Nf6 3. Nf3 Nxd5 4. d4 g6 5. Bd3 Bg7 6. O-O O-O 7. c3 Nd7 8. Re1 c5 9. Be3 Nxe3 10. Rxe3 cxd4 11. cxd4 Nf6 12. h3 Nd5 13. Re1 b6 14. Nc3 Bb7 15. Be4 Rc8 16. Nxd5 Bxd5 17. Bxd5 Qxd5 18. Rxe7 a5 19. b3 Rfd8 20. Rb1 Bf6 21. Re3 Rc7 22. Qd3 Rdc8 23. Rd1 Kg7 24. Re2 Qd6 25. d5 Rc1 26. Rxc1 Rxc1+ 27. Re1 Rc3 28. Qd2 Rc5 29. Rd1 Bc3 30. Qd3 Bf6 31. Qe4 Rc3 32. h4 h5 33. g3 Rc5 34. Kg2 Rc3 35. Rd2 Rc1 36. Qe3 Rc5 37. a4 Bd8 38. Qd4+ Bf6 39. Qe3 Bd8 40. Rd3 Rxd5 41. Rxd5 Qxd5 42. Qd4+ Qxd4 43. Nxd4 Kf6 44. f4 Bc7 45. Kf3 Bd6 46. Ke4 Bc5 47. Kd5 Bxd4 48. Kxd4 Kf5 49. Kd5 Kg4 50. Kc6 Kxg3 51. Kxb6 Kxf4 52. Kxa5 g5 53. b4 gxh4 54. b5 h3 55. b6 h2 56. b7 h1=Q 57. b8=Q+ Kg4 58. Qg8+ Kh4 59. Qxf7 Qe4 60. Qf2+ Kg4 61. Qb6 Qf5+ 62. Ka6 h4 63. a5 Qf1+ 64. Kb7 Qf3+ 65. Kc7 Qf7+ 66. Kb8 Qe8+ 67. Ka7 Qd7+ 68. Qb7 Qxb7+ 69. Kxb7 h3 70. a6 h2 71. a7 h1=Q+ 72. Kb8 Qb1+ 73. Kc8 Qc2+ 74. Kb8 Qb3+ 75. Kc7 Qc4+ 76. Kb7 Qb5+ 77. Kc7 Qa6 78. Kb8 Qb6+ 79. Ka8 Qd8+ 80. Kb7 Qd7+ 81. Kb8 Qxa7+ 82. Kxa7 1/2-1/2


[Site "https://www.chess.com"]

[Event "Titled Tuesday Blitz May 24 Late 2022"]
[White "Dahlgren, James Allen"]
[Black "Haas, Michael"]
[WhiteFideId "22256873"]
[BlackFideId "1629514"]
[WhiteElo "2075"]
[BlackElo "1982"]
[Result "0-1"]
[Round "05"]
[TimeControl "180+1"]
[Date "2022.05.25"]
[WhiteClock "0:02:43"]
[BlackClock "0:02:31"]

1. e4 e6 2. d4 d5 3. Nc3 Bb4 4. e5 c5 5. a3 Ba5 6. Nf3 cxd4 7. Nxd4 Nc6 8. b4 Bc7 9. f4 Bxe5 10. fxe5 Qh4+ 11. g3 Qxd4 12. Qxd4 Nxd4 13. Bd3 a6 14. Be3 Nc6 15. O-O-O d4 0-1


[Site "https://www.chess.com"]

[Event "Titled Tuesday Blitz May 24 Late 2022"]
[White "Darini, Pouria"]
[Black "Can, Melih Kaan"]
[WhiteFideId "12502200"]
[BlackFideId "6317383"]
[WhiteElo "2483"]
[BlackElo "2049"]
[Result "1-0"]
[Round "05"]
[TimeControl "180+1"]
[Date "2022.05.24"]
[WhiteClock "0:01:00"]
[BlackClock "0:00:32"]

1. e4 e5 2. Nf3 Nc6 3. Bb5 a6 4. Ba4 Nf6 5. O-O Be7 6. d3 b5 7. Bb3 O-O 8. Nc3 d6 9. a3 Be6 10. Nd5 Na5 11. Ba2 c6 12. Nxf6+ Bxf6 13. Bxe6 fxe6 14. b4 Nb7 15. c3 Qe8 16. Be3 Qg6 17. a4 d5 18. Qc2 Rfd8 19. Bb6 Re8 20. g3 Nd6 21. Nd2 Bg5 22. Bc5 Nb7 23. Nb3 Nxc5 24. Nxc5 Be7 25. Nb3 h5 26. Kg2 h4 27. Qe2 Rf8 28. axb5 axb5 29. Rxa8 Rxa8 30. Ra1 Rxa1 31. Nxa1 d4 32. cxd4 exd4 33. Nc2 e5 34. h3 hxg3 35. fxg3 c5 36. bxc5 Bxc5 37. Na1 Qe6 38. Qc2 Bb4 39. Nb3 Bc3 40. Nc5 Qe7 41. Qb3+ Kh7 42. Ne6 Qf6 43. h4 Be1 44. Ng5+ Kh6 45. Nf3 Bxg3 46. Kxg3 Qf4+ 47. Kg2 Qe3 48. Qe6+ g6 49. Qxe5 Qe2+ 50. Kg3 Qxd3 51. Qh8# 1-0


[Site "https://www.chess.com"]

[Event "Titled Tuesday Blitz May 24 Late 2022"]
[White "Demchenko, Anton"]
[Black "Rychagov, Andrey"]
[WhiteFideId "4160258"]
[BlackFideId "4119932"]
[WhiteElo "2539"]
[BlackElo "2500"]
[Result "1/2-1/2"]
[Round "05"]
[TimeControl "180+1"]
[Date "2022.05.24"]
[WhiteClock "0:00:03"]
[BlackClock "0:00:02"]

1. e4 e6 2. d4 d5 3. Nd2 c5 4. exd5 exd5 5. Ngf3 Nc6 6. Bb5 Bd6 7. dxc5 Bxc5 8. O-O Ne7 9. Nb3 Bd6 10. Bd3 O-O 11. c3 Bf5 12. Be3 Rc8 13. Re1 Bg6 14. Bxg6 Nxg6 15. Qd3 Qd7 16. Rad1 Rcd8 17. h3 Rfe8 18. Nc5 Qc7 19. Qb5 b6 20. Na6 Qb7 21. Rxd5 Bf4 22. Rxd8 Rxd8 23. Nc5 Qc8 24. Ne4 h6 25. Ng3 Bxg3 26. fxg3 Re8 27. Bf2 Rxe1+ 28. Bxe1 Qe6 29. b3 Nge5 30. Nxe5 Nxe5 31. Qe2 Qd5 32. Bf2 f6 33. c4 Qd6 34. Be3 Qa3 35. Bf4 Qc5+ 36. Kh2 Nc6 37. Qe6+ Kh7 38. Qe4+ Kg8 39. g4 a5 40. Qe6+ Kh7 41. Qe4+ Kg8 42. Bg3 Ne5 43. Qf5 Qd4 44. Qf2 Qd6 45. Qe2 Qc5 46. Qe4 a4 47. Qe2 axb3 48. axb3 Qd4 49. Qc2 Nd3 50. Qe2 Ne5 51. Bf2 Qd6 52. Bg3 Qd4 1/2-1/2


[Site "https://www.chess.com"]

[Event "Titled Tuesday Blitz May 24 Late 2022"]
[White "Diaz Rosas, Julio Cesar"]
[Black "Shuvalova, Polina"]
[WhiteFideId "5105099"]
[BlackFideId "24171760"]
[WhiteElo "2278"]
[BlackElo "2355"]
[Result "1-0"]
[Round "05"]
[TimeControl "180+1"]
[Date "2022.05.24"]
[WhiteClock "0:00:10"]
[BlackClock "0:00:06"]

1. d4 Nf6 2. Nc3 d5 3. Bf4 e6 4. e3 Bd6 5. Bg3 O-O 6. Bd3 c5 7. Nf3 Nc6 8. O-O Bxg3 9. hxg3 cxd4 10. exd4 Bd7 11. Re1 Rc8 12. Ne5 Nb4 13. Bf1 Ne8 14. g4 Nd6 15. Nd3 Nc6 16. Ne2 Qg5 17. Ng3 Nxd4 18. Ne5 Nxc2 19. Nxd7 Rfd8 20. Ne5 Nxe1 21. Qxe1 Rc2 22. Nf3 Qxg4 23. Qa5 Rdc8 24. Qxa7 Qb4 25. b3 h6 26. Qd4 Qxd4 27. Nxd4 Rd2 28. Nf3 Rdc2 29. Ne2 Ne4 30. Nfd4 Rb2 31. Nb5 Ra8 32. a4 Rxb3 33. Nc1 Rb4 34. a5 Nd2 35. Bd3 Nc4 36. Bxc4 Rxc4 37. Nd3 Rc6 38. Kf1 Rca6 39. Rb1 Rxa5 40. Ke2 Ra2+ 41. Ke3 Ra1 42. Rb3 Rg1 43. g3 Rd8 44. Nd4 Rd7 45. Ke2 g5 46. Ne1 Rh1 47. Ndf3 Kg7 48. Ne5 Rc7 49. N5d3 h5 50. Kf3 h4 51. Kg2 Rxe1 52. Nxe1 hxg3 53. Kxg3 f5 54. Nf3 Kf6 55. Rb6 Rc3 56. Kg2 Rc4 57. Rxb7 g4 58. Ne1 d4 59. Nd3 Rc3 60. Nb4 Rf3 61. Rd7 e5 62. Nc6 Ke6 63. Rd8 d3 64. Nb4 e4 65. Nc6 Kf6 66. Rd6+ Kg5 67. Ne5 Rh3 68. Rd5 Kf4 69. Ng6+ Kg5 70. Ne7 Kh6 71. Nxf5+ Kg6 72. Ng3 Rh8 73. Nxe4 Re8 74. Ng3 d2 75. Rxd2 Rf8 76. Rd4 Kg5 77. Re4 Kg6 78. Nf1 Kg5 79. Ne3 Rf4 80. Rxf4 Kxf4 81. Nf1 Ke4 82. Kg3 Kf5 83. Ne3+ Kg5 84. Nxg4 1-0


[Site "https://www.chess.com"]

[Event "Titled Tuesday Blitz May 24 Late 2022"]
[White "Djokic, Mihailo"]
[Black "Dreev, Aleksey"]
[WhiteFideId "976440"]
[BlackFideId "4100107"]
[WhiteElo "2202"]
[BlackElo "2625"]
[Result "1-0"]
[Round "05"]
[TimeControl "180+1"]
[Date "2022.05.24"]
[WhiteClock "0:00:02"]
[BlackClock "0:00:05"]

1. e4 c6 2. d4 d5 3. e5 c5 4. dxc5 e6 5. Nf3 Bxc5 6. Bd3 Nc6 7. O-O Nge7 8. Nbd2 a6 9. Nb3 Ba7 10. Re1 Qc7 11. c3 Ng6 12. Bxg6 hxg6 13. Bf4 Bd7 14. h3 O-O-O 15. Be3 Bxe3 16. Rxe3 Kb8 17. Qe2 Ne7 18. Ng5 Nf5 19. Rf3 Bb5 20. Qd2 Rd7 21. Re1 Rh4 22. Rf4 Rxf4 23. Qxf4 Bc4 24. g4 Nh6 25. Qd4 Bxb3 26. axb3 Qd8 27. Nf3 Ng8 28. b4 Ne7 29. Qf4 Nc6 30. Rd1 Qc7 31. Qe3 d4 32. Nxd4 Nxe5 33. Qg3 Kc8 34. Re1 Nc6 35. Qxc7+ Kxc7 36. Nb3 Rd3 37. Kg2 Ne7 38. Re2 Nd5 39. Re4 g5 40. f3 Rd1 41. Rc4+ Kb8 42. Rd4 Rb1 43. Rd2 Nf4+ 44. Kh2 Kc7 45. Nc5 Nd5 46. Ne4 f6 47. Nf2 Kc6 48. Re2 e5 49. Rd2 b5 50. Ne4 Ra1 51. Nc5 a5 52. Ne6 axb4 53. cxb4 Ra7 54. Nd8+ Kd6 55. Nf7+ Ke6 56. Nd8+ Kd6 57. Nf7+ Ke7 58. Rxd5 Kxf7 59. Rxb5 Rd7 60. Kg3 Rd2 61. Rb7+ Kg6 62. b5 Rxb2 63. b6 Rb3 64. Kg2 Rb2+ 65. Kg3 Kh6 66. Rb8 Rb3 67. b7 Kg6 68. Kf2 Rb2+ 69. Ke3 Kf7 70. Ke4 Ke7 71. Rg8 Rb4+ 72. Kf5 g6+ 73. Kxg6 Ke6 74. b8=Q Rxb8 75. Rxb8 1-0


[Site "https://www.chess.com"]

[Event "Titled Tuesday Blitz May 24 Late 2022"]
[White "Dobre, Claudiu-Cristian"]
[Black "Kobalia, Mikhail"]
[WhiteFideId "1211854"]
[BlackFideId "4119150"]
[WhiteElo "2207"]
[BlackElo "2667"]
[Result "0-1"]
[Round "05"]
[TimeControl "180+1"]
[Date "2022.05.25"]
[WhiteClock "0:00:01"]
[BlackClock "0:00:11"]

1. c4 e5 2. Nc3 Nc6 3. Nf3 Bc5 4. e3 Nge7 5. a3 d6 6. d4 exd4 7. exd4 Bb6 8. b4 a5 9. b5 Nb8 10. h3 O-O 11. Bb2 c6 12. a4 d5 13. c5 Bc7 14. Be2 b6 15. O-O Bf5 16. Re1 Ng6 17. Bd3 Qd7 18. Bxf5 Qxf5 19. Qb1 Qh5 20. Ne2 Rc8 21. Qd3 Nd7 22. bxc6 Nb8 23. cxb6 Bxb6 24. Qb5 Bc7 25. Ne5 Bxe5 26. dxe5 Nxc6 27. Qxd5 Nb4 28. Qe4 Nc2 29. Rac1 Nxe1 30. Rxe1 Qh4 31. Qf5 Qb4 32. Rb1 Rab8 33. e6 Qe7 34. Nd4 fxe6 35. Qxa5 e5 36. Nf5 Qc5 37. Qxc5 Rxc5 38. Ne3 Rc7 39. a5 Rcb7 40. Nc4 Rb4 41. Rc1 Rxc4 42. Rxc4 Rxb2 43. Ra4 Rb7 44. g3 Kf7 45. Kg2 Ra7 46. Kf3 Ke6 47. Ke4 Nf8 48. a6 Nd7 49. Ra5 Kd6 50. f4 Nc5+ 51. Kf5 exf4 52. gxf4 Rxa6 53. Rb5 Nd7 54. Rb7 Ke7 55. Kg4 Ra5 56. h4 Ke6 57. h5 Nf6+ 58. Kf3 Nxh5 59. Rb6+ Kf7 60. Rb7+ Kg6 61. Kg4 Nf6+ 0-1


[Site "https://www.chess.com"]

[Event "Titled Tuesday Blitz May 24 Late 2022"]
[White "Domingo Nunez, Ruben"]
[Black "Shirov, Alexei"]
[WhiteFideId "22245570"]
[BlackFideId "2209390"]
[WhiteElo "2376"]
[BlackElo "2678"]
[Result "0-1"]
[Round "05"]
[TimeControl "180+1"]
[Date "2022.05.24"]
[WhiteClock "0:00:01"]
[BlackClock "0:00:38"]

1. d4 d5 2. g3 c5 3. c3 Nc6 4. Bg2 cxd4 5. cxd4 Bf5 6. Nf3 e6 7. O-O Nf6 8. Bf4 h6 9. Nc3 Be7 10. Qb3 Qb6 11. Nb5 O-O 12. Bc7 Qa6 13. Bd6 Bxd6 14. Nxd6 Nxd4 15. Nxd4 Qxd6 16. Nxf5 exf5 17. Rfd1 Rfd8 18. Rd2 Rd7 19. Rad1 Rad8 20. Bxd5 Qe7 21. Rd3 Kf8 22. Bf3 Rxd3 23. Rxd3 Rxd3 24. Qxd3 g6 25. Qd4 b6 26. Qc3 Kg7 27. Kg2 g5 28. Bc6 Qxe2 29. Qd4 Kg6 30. h4 Qe6 31. Bb7 Qxa2 32. hxg5 hxg5 33. b4 Qe6 34. Qd8 Kg7 35. Bf3 g4 36. Ba8 Qe5 37. Qd2 Kg6 38. Bc6 a5 0-1


[Site "https://www.chess.com"]

[Event "Titled Tuesday Blitz May 24 Late 2022"]
[White "Drygalov, Andrey"]
[Black "Bortnyk, Olexandr"]
[WhiteFideId "24171735"]
[BlackFideId "14120828"]
[WhiteElo "2540"]
[BlackElo "2723"]
[Result "1-0"]
[Round "05"]
[TimeControl "180+1"]
[Date "2022.05.24"]
[WhiteClock "0:00:39"]
[BlackClock "0:00:07"]

1. e4 Nf6 2. e5 Nd5 3. d4 d6 4. c4 Nb6 5. exd6 exd6 6. Nc3 Be7 7. Bd3 O-O 8. Nge2 c6 9. O-O Na6 10. b3 d5 11. a3 dxc4 12. bxc4 Nc7 13. Be3 Re8 14. Qc2 g6 15. Rfd1 Bf6 16. Ne4 Bg7 17. Bg5 f6 18. Bh4 Ne6 19. c5 Nd5 20. Nd6 Re7 21. Bc4 b6 22. Nc3 Nec7 23. Bg3 Be6 24. Nxd5 Bxd5 25. cxb6 axb6 26. Bxd5+ cxd5 27. Qc6 Re6 28. Rac1 Ne8 29. Qxd5 Nxd6 30. Qxe6+ Nf7 31. Rc7 Qe8 32. Qxe8+ Rxe8 33. Rdc1 Bf8 34. Rc8 Re2 35. Rb8 Kg7 36. Kf1 Re7 37. Rxb6 Rd7 38. Rc7 Rxc7 39. Bxc7 Bxa3 40. Ke2 Kf8 41. Rxf6 Ke7 42. Ra6 Bb4 43. Ra4 Bc3 44. Kd3 Be1 45. Ra2 Bb4 46. Rb2 Ba3 47. Rb3 Bc1 48. f4 Kd7 49. Be5 Nd8 50. Kc2 1-0


[Site "https://www.chess.com"]

[Event "Titled Tuesday Blitz May 24 Late 2022"]
[White "Dubov, Daniil"]
[Black "Gorodetzky, David"]
[WhiteFideId "24126055"]
[BlackFideId "2813416"]
[WhiteElo "2791"]
[BlackElo "2494"]
[Result "1-0"]
[Round "05"]
[TimeControl "180+1"]
[Date "2022.05.24"]
[WhiteClock "0:00:14"]
[BlackClock "0:00:10"]

1. e4 e5 2. Nf3 Nc6 3. Nc3 Nf6 4. d4 exd4 5. Nxd4 Nxe4 6. Nxe4 Qe7 7. Bd3 d5 8. Nxc6 bxc6 9. O-O dxe4 10. Bxe4 Bd7 11. Re1 O-O-O 12. Qd3 Qb4 13. Be3 Kb8 14. Bxc6 Bd6 15. a3 Bxh2+ 16. Kh1 Bxc6 17. Qxd8+ Rxd8 18. axb4 Bd6 19. Rad1 Re8 20. Bc5 Be5 21. Bd4 f6 22. Bxe5 fxe5 23. b5 Bxb5 24. Rd5 Bc6 25. Rexe5 Rf8 26. Rf5 Re8 27. Rde5 Rd8 28. Re7 Rd2 29. Rc5 Kb7 30. f3 Kb6 31. b4 a5 32. Re6 Rd6 33. Rxd6 cxd6 34. Rxa5 Bb5 35. Kg1 Kc6 36. Kf2 g5 37. Ke3 h6 38. Ra7 Bf1 39. Kf2 Bc4 40. Rh7 Kb5 41. Rxh6 d5 42. c3 Ka4 43. Ke3 Bf1 44. g3 Bg2 45. f4 gxf4+ 46. gxf4 Be4 47. Kd4 Kb5 48. Re6 Bb1 49. Re5 Ka4 50. f5 Bc2 51. f6 Bg6 52. Rxd5 Bf7 53. Rg5 Be6 54. Rg7 Bb3 55. Re7 Ka3 56. f7 Bxf7 57. Rxf7 1-0


[Site "https://www.chess.com"]

[Event "Titled Tuesday Blitz May 24 Late 2022"]
[White "Escudero Donoso, Felipe"]
[Black "Zhurbinsky, David"]
[WhiteFideId "3410595"]
[BlackFideId "2072904"]
[WhiteElo "2184"]
[BlackElo "2564"]
[Result "1/2-1/2"]
[Round "05"]
[TimeControl "180+1"]
[Date "2022.05.25"]
[WhiteClock "0:00:09"]
[BlackClock "0:00:03"]

1. d4 Nf6 2. c4 e6 3. g3 d5 4. Bg2 Be7 5. Nf3 O-O 6. O-O dxc4 7. Qc2 a6 8. a4 Nbd7 9. Qxc4 b5 10. Qc2 Bb7 11. Rd1 Nb6 12. a5 Nc4 13. b3 Be4 14. Qa2 Nd6 15. Nc3 Bb7 16. Ne5 Bxg2 17. Kxg2 b4 18. Nc6 Qd7 19. Nxe7+ Qxe7 20. Na4 Nd5 21. Qc2 Nb5 22. Bb2 f5 23. Rac1 f4 24. Qe4 Qf7 25. Rf1 Rad8 26. Rc6 Rd6 27. Rc4 e5 28. dxe5 Rh6 29. e6 Rxe6 30. Qxd5 fxg3 31. hxg3 Kh8 32. Qf3 Qe8 33. Qd3 Rxe2 34. Rh1 Qe4+ 35. Rxe4 Rfxf2+ 36. Kg1 Rg2+ 37. Kf1 Rgf2+ 38. Kg1 Rg2+ 39. Kf1 Rgf2+ 40. Kg1 1/2-1/2


[Site "https://www.chess.com"]

[Event "Titled Tuesday Blitz May 24 Late 2022"]
[White "Francisco Guecamburu, Candela Be"]
[Black "Mangialardo, Tiago Carvalho"]
[WhiteFideId "160911"]
[BlackFideId "2130718"]
[WhiteElo "1847"]
[BlackElo "2162"]
[Result "1-0"]
[Round "05"]
[TimeControl "180+1"]
[Date "2022.05.25"]
[WhiteClock "0:01:38"]
[BlackClock "0:00:05"]

1. e4 e5 2. Nf3 Nc6 3. Bb5 a6 4. Ba4 Nf6 5. d3 d6 6. c3 Be7 7. O-O O-O 8. Re1 Bg4 9. Nbd2 b5 10. Bc2 Na5 11. h3 Bh5 12. d4 exd4 13. cxd4 c5 14. d5 Nb7 15. b3 Nd7 16. Bb2 Bf6 17. Qc1 Bxb2 18. Qxb2 Re8 19. a4 Qf6 20. Qxf6 Nxf6 21. axb5 axb5 22. Bd3 b4 23. Bb5 Red8 24. Bc6 Rab8 25. Ra7 Rd7 26. Bxd7 Nxd7 27. g4 Bg6 28. Nc4 Kf8 29. Nh4 Ke7 30. Nf5+ Bxf5 31. exf5+ Kf6 32. f4 h6 33. h4 g6 34. g5+ hxg5 35. hxg5+ Kxf5 36. Rxb7 Rxb7 37. Nxd6+ Kxf4 38. Nxb7 Kxg5 39. Rc1 Kf5 40. Nxc5 Nb6 41. d6 1-0


[Site "https://www.chess.com"]

[Event "Titled Tuesday Blitz May 24 Late 2022"]
[White "Galiana Fernandez, Adrian"]
[Black "Wachinger, Guenther"]
[WhiteFideId "32010150"]
[BlackFideId "4604261"]
[WhiteElo "2133"]
[BlackElo "2212"]
[Result "0-1"]
[Round "05"]
[TimeControl "180+1"]
[Date "2022.05.25"]
[WhiteClock "0:01:35"]
[BlackClock "0:01:20"]

1. Nf3 d5 2. g3 e6 3. Bg2 Nf6 4. O-O Be7 5. c4 O-O 6. d4 c6 7. Qc2 b6 8. b3 Nbd7 9. Bb2 Re8 10. Nbd2 Bb7 11. Rad1 Rc8 12. Qb1 Qc7 13. Rfe1 c5 14. dxc5 Bxc5 15. cxd5 Nxd5 16. Ne4 Bf8 17. Rc1 Qb8 18. Qa1 h6 19. h4 Qa8 20. Ned2 b5 21. Rxc8 Rxc8 22. Rc1 a5 23. Nd4 Qa6 24. Rxc8 Bxc8 25. Nf5 exf5 26. Bxd5 Qd6 0-1


[Site "https://www.chess.com"]

[Event "Titled Tuesday Blitz May 24 Late 2022"]
[White "Golubev, Mikhail"]
[Black "Roux, Baptiste"]
[WhiteFideId "14100983"]
[BlackFideId "36017450"]
[WhiteElo "2374"]
[BlackElo "1935"]
[Result "0-1"]
[Round "05"]
[TimeControl "180+1"]
[Date "2022.05.25"]
[WhiteClock "0:00:02"]
[BlackClock "0:00:37"]

1. e4 c5 2. Nf3 e6 3. d4 cxd4 4. Nxd4 Nf6 5. Nc3 Nc6 6. Bf4 Bc5 7. Nxc6 bxc6 8. e5 Nd5 9. Nxd5 cxd5 10. Bd3 Qb6 11. O-O Qxb2 12. Rb1 Qxa2 13. Qg4 Kf8 14. Qh4 Be7 15. Bg5 Qa3 16. Rb3 Qc5 17. Rfb1 h6 18. Bxe7+ Qxe7 19. Qd4 g6 20. Rb8 Rxb8 21. Rxb8 Kg7 22. g3 Qa3 23. Qf4 Qe7 24. Qd4 a5 25. Qc3 a4 26. Rxc8 Rxc8 27. Qxc8 Qb4 28. Kg2 a3 29. Qa6 Qb2 0-1


[Site "https://www.chess.com"]

[Event "Titled Tuesday Blitz May 24 Late 2022"]
[White "Gomez Dieguez, David"]
[Black "Malka, Samuel"]
[WhiteFideId "22223630"]
[BlackFideId "20643675"]
[WhiteElo "2115"]
[BlackElo "2473"]
[Result "0-1"]
[Round "05"]
[TimeControl "180+1"]
[Date "2022.05.25"]
[WhiteClock "0:00:09"]
[BlackClock "0:00:18"]

1. c4 g6 2. Nf3 Bg7 3. d4 Nf6 4. g3 O-O 5. Bg2 d6 6. Nc3 Nc6 7. O-O a6 8. b3 e5 9. dxe5 dxe5 10. Ba3 Re8 11. Qc1 Nd4 12. Rd1 Bd7 13. Nxd4 exd4 14. Rxd4 Qc8 15. Rd1 Bh3 16. Bb2 Bxg2 17. Kxg2 c6 18. e3 h5 19. h3 h4 20. g4 Nxg4 21. hxg4 Qxg4+ 22. Kf1 h3 23. Ke1 h2 24. Kd2 Qf5 25. f4 Rad8+ 26. Ke2 Qh3 27. Rf1 Qg2+ 28. Rf2 Qg4+ 29. Rf3 Bd4 30. Qh1 Rxe3+ 31. Kf1 Rxf3+ 32. Ke2 Rxc3+ 33. Kf1 Rf3+ 34. Ke1 Bxb2 35. Rb1 Re3+ 36. Kf1 Qe2# 0-1


[Site "https://www.chess.com"]

[Event "Titled Tuesday Blitz May 24 Late 2022"]
[White "Gong, Patrick"]
[Black "Maghsoodloo, Parham"]
[WhiteFideId "3222500"]
[BlackFideId "12539929"]
[WhiteElo "2103"]
[BlackElo "2630"]
[Result "1/2-1/2"]
[Round "05"]
[TimeControl "180+1"]
[Date "2022.05.24"]
[WhiteClock "0:00:25"]
[BlackClock "0:00:21"]

1. Nf3 c5 2. g3 b6 3. Bg2 Bb7 4. O-O g6 5. c4 Bg7 6. Nc3 Nc6 7. Rb1 Nh6 8. a3 Nf5 9. b4 d6 10. Bb2 O-O 11. Nd5 Bxb2 12. Rxb2 e6 13. Nc3 Rc8 14. bxc5 dxc5 15. d3 Qe7 16. Qb1 Rcd8 17. Ne4 h5 18. h4 Ncd4 19. Nxd4 Nxd4 20. Qc1 Bxe4 21. Bxe4 Qf6 22. Kg2 Kg7 23. Qg5 Qxg5 24. hxg5 e5 25. a4 Ne6 26. f4 h4 27. Bd5 hxg3 28. Bxe6 fxe6 29. Kxg3 Rd4 30. a5 exf4+ 31. Kf3 Rf5 32. axb6 axb6 33. Rxb6 Rxg5 34. Rxe6 Rg3+ 35. Kf2 Rd8 36. Rb1 Rf8 37. Rb7+ Kh6 38. Rc7 Rf5 39. Rcc6 Rh5 40. Re4 Rh2+ 41. Ke1 Rg1+ 42. Kd2 f3 43. Rf6 Rf1 44. Re8 Rxe2+ 45. Rxe2 fxe2 46. Re6 e1=Q+ 47. Rxe1 Rxe1 48. Kxe1 Kg5 49. Ke2 Kf4 50. d4 cxd4 51. c5 Ke5 52. Kd3 Kd5 53. c6 Kxc6 54. Kxd4 Kd6 55. Ke4 Ke6 56. Kf4 Kf6 57. Kg4 Kf7 58. Kg5 Kg7 59. Kg4 Kh7 60. Kh4 Kh6 61. Kg4 g5 62. Kg3 Kg6 63. Kg4 Kf6 64. Kf3 Kf5 65. Kg3 Ke4 66. Kg4 Ke5 67. Kxg5 1/2-1/2


[Site "https://www.chess.com"]

[Event "Titled Tuesday Blitz May 24 Late 2022"]
[White "Grischuk, Alexander"]
[Black "Ibarra Jerez, Jose Carlos"]
[WhiteFideId "4126025"]
[BlackFideId "2226332"]
[WhiteElo "2762"]
[BlackElo "2626"]
[Result "1-0"]
[Round "05"]
[TimeControl "180+1"]
[Date "2022.05.24"]
[WhiteClock "0:00:06"]
[BlackClock "0:00:05"]

1. d4 d5 2. c4 e6 3. Nc3 a6 4. cxd5 exd5 5. Nf3 Nf6 6. Bg5 Be6 7. e3 Nbd7 8. Bd3 Bd6 9. h3 c6 10. Bf4 Qc7 11. Qd2 O-O 12. O-O Rfe8 13. Rfe1 Nb6 14. b3 a5 15. Rac1 Qd8 16. Qc2 h6 17. Bxd6 Qxd6 18. Ne5 a4 19. bxa4 Ra7 20. Rb1 Nc4 21. Bxc4 dxc4 22. Rb6 Nd5 23. Nxc4 Qc7 24. a5 Rxa5 25. Nxa5 Qxb6 26. Nb3 Nb4 27. Qd2 Bxb3 28. axb3 Ra8 29. Na4 Qb5 30. Rc1 Nd5 31. Qc2 Rd8 32. Qc4 Qa5 33. Nc5 Qc7 34. Ra1 b6 35. Nd3 Nf6 36. Ne5 c5 37. b4 Rc8 38. bxc5 bxc5 39. Rc1 Ne4 40. Nd3 Qa7 41. dxc5 Nf6 42. c6 Qa3 43. Ne5 Qe7 44. Nf3 Ne8 45. Nd4 Nd6 46. Qd5 Qf6 47. c7 Qe7 48. Qc6 Ne8 49. Nb5 Qf6 50. Qxf6 gxf6 51. g4 Kf8 52. Rd1 Ke7 53. Kg2 Ra8 54. Rd5 Rc8 55. Rh5 Ke6 56. Rxh6 Nxc7 57. Nxc7+ Rxc7 58. Rh5 Rd7 59. Rf5 Rd2 60. h4 Ra2 61. h5 Ra1 62. h6 Ra8 63. h7 Rh8 64. Rh5 f5 65. gxf5+ Kf6 66. f4 Kg7 67. Kf3 Kf6 68. e4 Kg7 69. e5 f6 70. Ke4 Kf7 71. Rh6 Ke7 72. Rxf6 Rxh7 73. Ra6 Rh1 74. Ra7+ Kf8 75. f6 Kg8 76. Kf5 Kh8 77. Ke6 Rf1 78. Ra8+ Kh7 79. f7 Rxf4 80. f8=Q Rf6+ 81. Kd5 Rd6+ 82. Qxd6 1-0


[Site "https://www.chess.com"]

[Event "Titled Tuesday Blitz May 24 Late 2022"]
[White "Guzman, Christopher"]
[Black "Silva, Pedro Gil Ferreira Da"]
[WhiteFideId "6405096"]
[BlackFideId "1946102"]
[WhiteElo "2244"]
[BlackElo "1863"]
[Result "0-1"]
[Round "05"]
[TimeControl "180+1"]
[Date "2022.05.25"]
[WhiteClock "0:01:25"]
[BlackClock "0:00:17"]

1. e4 c6 2. d4 d5 3. exd5 cxd5 4. Bd3 Nc6 5. c3 Qc7 6. f4 Nf6 7. Nf3 Bg4 8. O-O e6 9. Qe1 Bxf3 10. Rxf3 Bd6 11. Be3 O-O 12. Nd2 Ne7 13. Qe2 Nf5 14. Raf1 Nxe3 15. Qxe3 b5 16. Rh3 b4 17. g4 bxc3 18. bxc3 g6 19. f5 exf5 20. Qh6 Qxc3 21. Nf3 Qxd3 22. Ng5 Qxd4+ 23. Kh1 Rae8 24. Nxh7 Qe4+ 25. Rhf3 Nxh7 26. gxf5 Re5 27. Kg1 Bc5+ 28. Kg2 Rxf5 29. h4 Qg4+ 30. Rg3 Qh5 31. Qd2 Rxf1 32. Kxf1 Qxh4 33. Kg2 Qd4 34. Qh6 Qg1+ 35. Kf3 Qf2+ 36. Kg4 Qf5+ 37. Kh4 Be7+ 0-1


[Site "https://www.chess.com"]